% Time on Ice - COLORADO GLACIERCATS
Lines # - Real PCT - Wanted PCT - Time Play
Normal Forward
1 - 36% - 36% - 17:36
2 - 32% - 33% - 15:40
3 - 25% - 27% - 12:12
4 - 8% - 4% - 3:49
Normal Defense
1 - 34% - 32% - 16:48
2 - 33% - 32% - 16:03
3 - 30% - 30% - 14:41
4 - 4% - 6% - 1:45
PP Forward
1 - 59% - 50% - 2:10
2 - 41% - 50% - 1:30
PP Defense
1 - 55% - 40% - 2:01
2 - 45% - 60% - 1:39
PK Forward
1 - 50% - 50% - 1:18
2 - 50% - 50% - 1:18
PK Defense
1 - 34% - 50% - 0:53
2 - 66% - 50% - 1:43
PK3 Forward
1 - 56% - 50% - 0:45
2 - 44% - 50% - 0:36
PK3 Defense
1 - 56% - 50% - 0:45
2 - 44% - 50% - 0:36
44 Forward
1 - 36% - 50% - 0:54
2 - 64% - 50% - 1:35
44 Defense
1 - 30% - 45% - 0:45
2 - 70% - 55% - 1:44
Last Minute Offensive  - 0:37
Last Minute Defensive  - 0:00
Total
Forward - 60:00
Defense - 60:00
% Time on Ice - ANAHEIM OUTLAWS
Lines # - Real PCT - Wanted PCT - Time Play
Normal Forward
1 - 35% - 36% - 17:19
2 - 31% - 31% - 15:26
3 - 24% - 23% - 11:48
4 - 11% - 10% - 5:21
Normal Defense
1 - 34% - 36% - 16:52
2 - 31% - 31% - 15:33
3 - 29% - 23% - 14:22
4 - 6% - 10% - 3:07
PP Forward
1 - 35% - 55% - 0:55
2 - 65% - 45% - 1:41
PP Defense
1 - 59% - 55% - 1:32
2 - 41% - 45% - 1:04
PK Forward
1 - 55% - 55% - 2:02
2 - 45% - 45% - 1:38
PK Defense
1 - 41% - 55% - 1:31
2 - 59% - 45% - 2:09
PK3 Forward
1 - 0% - 55%
2 - 0% - 45%
PK3 Defense
1 - 0% - 55%
2 - 0% - 45%
44 Forward
1 - 73% - 55% - 2:49
2 - 27% - 45% - 1:01
44 Defense
1 - 74% - 55% - 2:50
2 - 26% - 45% - 1:00
Last Minute Offensive  - 0:00
Last Minute Defensive  - 0:00
Total
Forward - 60:00
Defense - 60:00
Play-by-Play 1st period 0:01 of 1st period - Leon Draisaitl wins face-off versus Evgeny Kuznetsov in neutral zone. 0:28 of 1st period - Sam Bennett is hit by Devon Toews. 0:36 of 1st period - Shot by Morgan Rielly. 0:36 of 1st period - Stopped by Kaapo Kahkonen without a rebound. 0:37 of 1st period - Brayden Schenn wins face-off versus Jordan Staal in COLORADO GLACIERCATS zone. 0:41 of 1st period - Off-side. 0:42 of 1st period - Ryan Getzlaf wins face-off versus Adrian Kempe in neutral zone. 0:45 of 1st period - Thomas Hickey is hit by Dustin Brown and loses puck. 0:49 of 1st period - Icing by Pius Suter. 0:50 of 1st period - Adrian Kempe wins face-off versus Brayden Schenn in ANAHEIM OUTLAWS zone. 0:54 of 1st period - Icing by Pius Suter. 0:55 of 1st period - Brayden Schenn wins face-off versus Adrian Kempe in ANAHEIM OUTLAWS zone. 0:59 of 1st period - Icing by Henri Jokiharju. 1:00 of 1st period - Ryan Getzlaf wins face-off versus Adrian Kempe in ANAHEIM OUTLAWS zone. 1:03 of 1st period - Shot by Tyson Jost. 1:03 of 1st period - Deflect By Dustin Brown. 1:03 of 1st period - Shot Blocked by Henri Jokiharju. 1:07 of 1st period - Shot by Tyson Jost. 1:07 of 1st period - Shot Misses the Net. 1:09 of 1st period - Shot by Vladislav Gavrikov. 1:09 of 1st period - Deflect By Dustin Brown. 1:09 of 1st period - Shot Misses the Net. 1:35 of 1st period - Icing by Henri Jokiharju. 1:36 of 1st period - Adrian Kempe wins face-off versus Brayden Schenn in ANAHEIM OUTLAWS zone. 1:38 of 1st period - Icing by Jake DeBrusk. 1:39 of 1st period - Brayden Schenn wins face-off versus Adrian Kempe in ANAHEIM OUTLAWS zone. 2:03 of 1st period - Shot by Sam Reinhart. 2:03 of 1st period - Shot Blocked by Henri Jokiharju. 3:17 of 1st period - Shot by Michael Bunting. 3:17 of 1st period - Shot Misses the Net. 3:19 of 1st period - Shot by Michael Bunting. 3:19 of 1st period - Goal by Michael Bunting - COLORADO GLACIERCATS : 0 - ANAHEIM OUTLAWS : 1. 3:20 of 1st period - Ryan Getzlaf wins face-off versus Evgeny Kuznetsov in neutral zone. 3:23 of 1st period - Shot by Dustin Brown. 3:23 of 1st period - Shot Misses the Net. 4:29 of 1st period - Shot by Joonas Donskoi. 4:29 of 1st period - Stopped by Tuukka Rask without a rebound. 4:30 of 1st period - Jordan Staal wins face-off versus Luke Glendening in ANAHEIM OUTLAWS zone. 6:31 of 1st period - Shot by Tomas Hertl. 6:31 of 1st period - Shot Misses the Net. 6:34 of 1st period - Icing by Morgan Rielly. 6:35 of 1st period - Brayden Schenn wins face-off versus Pius Suter in ANAHEIM OUTLAWS zone. 6:50 of 1st period - Shot by Brayden Schenn. 6:50 of 1st period - Stopped by Tuukka Rask without a rebound. 6:51 of 1st period - Evgeny Kuznetsov wins face-off versus Ryan Getzlaf in ANAHEIM OUTLAWS zone. 6:51 of 1st period - Kevin Fiala is hit by Dustin Brown and loses puck. 7:00 of 1st period - Shot by Morgan Rielly. 7:00 of 1st period - Stopped by Kaapo Kahkonen with a rebound. 7:20 of 1st period - Shot by Evgeny Kuznetsov. 7:20 of 1st period - Stopped by Kaapo Kahkonen with a rebound. 7:22 of 1st period - Shot by Sam Bennett. 7:22 of 1st period - Shot Blocked by Ryan Ellis. 7:24 of 1st period - Shot by Morgan Rielly. 7:24 of 1st period - Shot Misses the Net. 7:26 of 1st period - Shot by Sam Bennett. 7:26 of 1st period - Shot Misses the Net. 7:30 of 1st period - Shot by Kevin Fiala. 7:30 of 1st period - Shot Misses the Net. 8:28 of 1st period - Zach Parise is hit by Erik Brannstrom and loses puck. 8:44 of 1st period - Morgan Rielly is hit by Sam Reinhart and loses puck. 8:52 of 1st period - Icing by Nikolai Knyzhov. 8:53 of 1st period - Jeff Skinner wins face-off versus Tomas Hertl in ANAHEIM OUTLAWS zone. 9:44 of 1st period - Haydn Fleury is hit by Tomas Hertl and loses puck. 11:47 of 1st period - Shot by Jake DeBrusk. 11:47 of 1st period - Stopped by Kaapo Kahkonen without a rebound. 11:48 of 1st period - Evgeny Kuznetsov wins face-off versus Cameron Hughes in COLORADO GLACIERCATS zone. 11:48 of 1st period - Evgeny Kuznetsov is hit by Devon Toews. 12:25 of 1st period - Icing by Noah Hanifin. 12:26 of 1st period - Evgeny Kuznetsov wins face-off versus Alex Iafallo in ANAHEIM OUTLAWS zone. 12:30 of 1st period - Off-side. 12:31 of 1st period - Adrian Kempe wins face-off versus Tomas Hertl in neutral zone. 12:36 of 1st period - Shot by Pius Suter. 12:36 of 1st period - Shot Blocked by Ryan Ellis. 12:38 of 1st period - Shot by Pius Suter. 12:38 of 1st period - Shot Misses the Net. 12:40 of 1st period - Shot by Morgan Rielly. 12:40 of 1st period - Stopped by Kaapo Kahkonen without a rebound. 12:41 of 1st period - Jordan Staal wins face-off versus Tomas Hertl in COLORADO GLACIERCATS zone. 13:14 of 1st period - Morgan Rielly is hit by Tomas Hertl. 14:14 of 1st period - Shot by Sam Reinhart. 14:14 of 1st period - Shot Blocked by Sam Bennett. 14:28 of 1st period - Joonas Donskoi is hit by Sam Bennett and loses puck. 15:16 of 1st period - Icing by Pius Suter. 15:17 of 1st period - Luke Glendening wins face-off versus Adrian Kempe in ANAHEIM OUTLAWS zone. 15:17 of 1st period - Cameron Hughes is hit by Henri Jokiharju and loses puck. 15:32 of 1st period - Shot by Adrian Kempe. 15:32 of 1st period - Stopped by Kaapo Kahkonen with a rebound. 15:47 of 1st period - Minor Penalty to Henri Jokiharju for Holding. 15:48 of 1st period - Tomas Hertl wins face-off versus Jordan Staal in ANAHEIM OUTLAWS zone. 16:01 of 1st period - Shot by Devon Toews. 16:01 of 1st period - Stopped by Tuukka Rask without a rebound. 16:02 of 1st period - Jordan Staal wins face-off versus Tomas Hertl in ANAHEIM OUTLAWS zone. 16:58 of 1st period - Joonas Donskoi is hit by Haydn Fleury and loses puck. 17:38 of 1st period - Tomas Hertl is hit by Morgan Rielly and loses puck. 18:03 of 1st period - Shot by Tyson Jost. 18:03 of 1st period - Shot Misses the Net. 18:13 of 1st period - Shot by Tyson Jost. 18:13 of 1st period - Stopped by Tuukka Rask without a rebound. 18:14 of 1st period - Jordan Staal wins face-off versus Luke Glendening in ANAHEIM OUTLAWS zone. 18:24 of 1st period - Shot by Luke Glendening. 18:24 of 1st period - Shot Misses the Net. 18:32 of 1st period - Shot by Luke Glendening. 18:32 of 1st period - Stopped by Tuukka Rask with a rebound. 18:38 of 1st period - Shot by Luke Glendening. 18:38 of 1st period - Goal by Luke Glendening - COLORADO GLACIERCATS : 1 - ANAHEIM OUTLAWS : 1. 18:39 of 1st period - Tomas Hertl wins face-off versus Adrian Kempe in neutral zone. 18:42 of 1st period - Shot by Leon Draisaitl. 18:42 of 1st period - Stopped by Tuukka Rask without a rebound. 18:43 of 1st period - Tomas Hertl wins face-off versus Evgeny Kuznetsov in ANAHEIM OUTLAWS zone. 19:40 of 1st period - Shot by Jordan Staal. 19:40 of 1st period - Stopped by Kaapo Kahkonen without a rebound. 19:41 of 1st period - Brayden Schenn wins face-off versus Adrian Kempe in COLORADO GLACIERCATS zone. 19:49 of 1st period - Off-side. 19:50 of 1st period - Ryan Getzlaf wins face-off versus Jordan Staal in neutral zone. 19:53 of 1st period - Shot by Tyson Jost. 19:53 of 1st period - Stopped by Tuukka Rask without a rebound. 19:54 of 1st period - Sam Reinhart wins face-off versus Jordan Staal in ANAHEIM OUTLAWS zone. 19:57 of 1st period - Shot by Sam Reinhart. 19:57 of 1st period - Stopped by Tuukka Rask with a rebound. 19:59 of 1st period - Shot by Joonas Donskoi. 19:59 of 1st period - Shot Misses the Net. Goals for this period are 1 for COLORADO GLACIERCATS vs 1 for ANAHEIM OUTLAWS. Shots for this period are 9 for COLORADO GLACIERCATS vs 8 for ANAHEIM OUTLAWS. 2nd period 0:01 of 2nd period - Evgeny Kuznetsov wins face-off versus Tomas Hertl in neutral zone. 0:40 of 2nd period - Shot by Leon Draisaitl. 0:40 of 2nd period - Shot Misses the Net. 0:42 of 2nd period - Shot by Ryan Ellis. 0:42 of 2nd period - Deflect By Leon Draisaitl. 0:42 of 2nd period - Shot Blocked by Kevin Fiala. 1:00 of 2nd period - Shot by Brayden Schenn. 1:00 of 2nd period - Shot Blocked by Noah Hanifin. 1:12 of 2nd period - Shot by Brayden Schenn. 1:12 of 2nd period - Shot Misses the Net. 1:14 of 2nd period - Shot by Brayden Schenn. 1:14 of 2nd period - Stopped by Tuukka Rask with a rebound. 1:16 of 2nd period - Shot by Joonas Donskoi. 1:16 of 2nd period - Shot Blocked by Haydn Fleury. 1:18 of 2nd period - Shot by Joonas Donskoi. 1:18 of 2nd period - Shot Blocked by Haydn Fleury. 1:20 of 2nd period - Shot by Joonas Donskoi. 1:20 of 2nd period - Shot Misses the Net. 1:22 of 2nd period - Shot by Erik Brannstrom. 1:22 of 2nd period - Stopped by Tuukka Rask without a rebound. 1:23 of 2nd period - Ryan Getzlaf wins face-off versus Jordan Staal in ANAHEIM OUTLAWS zone. 1:23 of 2nd period - Minor Penalty to Nikolai Knyzhov for Interference. 1:24 of 2nd period - Jordan Staal wins face-off versus Joonas Donskoi in ANAHEIM OUTLAWS zone. 1:31 of 2nd period - Minor Penalty to Torey Krug for Boarding. 1:32 of 2nd period - Jordan Staal wins face-off versus Tomas Hertl in COLORADO GLACIERCATS zone. 1:39 of 2nd period - Shot by Jordan Staal. 1:39 of 2nd period - Stopped by Kaapo Kahkonen without a rebound. 1:40 of 2nd period - Jordan Staal wins face-off versus Brayden Schenn in COLORADO GLACIERCATS zone. 1:47 of 2nd period - Shot by Morgan Rielly. 1:47 of 2nd period - Goal by Morgan Rielly - COLORADO GLACIERCATS : 1 - ANAHEIM OUTLAWS : 2. 1:48 of 2nd period - Jordan Staal wins face-off versus Tomas Hertl in neutral zone. 1:57 of 2nd period - Shot by Jordan Staal. 1:57 of 2nd period - Stopped by Kaapo Kahkonen without a rebound. 1:58 of 2nd period - Brayden Schenn wins face-off versus Jordan Staal in COLORADO GLACIERCATS zone. 1:58 of 2nd period - Joonas Donskoi is hit by Jordan Staal and loses puck. 2:00 of 2nd period - Minor Penalty to Ryan Ellis for Roughing. 2:01 of 2nd period - Luke Glendening wins face-off versus Evgeny Kuznetsov in COLORADO GLACIERCATS zone. 2:01 of 2nd period - Luke Glendening is hit by Jordan Staal. 3:21 of 2nd period - Shot by Kevin Fiala. 3:21 of 2nd period - Deflect By Sam Bennett. 3:21 of 2nd period - Goal